 Dungeon Sprint DCSS version 0.31-a0-667-g39726597b9 (webtiles) character file.

Game seed: 16123617361132984777

930 Revguard the Eye of the Storm (level 7, -26/61 HPs)
             Began as a Demonspawn Gladiator on Sept 4, 2023.
             Was a Priest of Qazlal.
             Annihilated by a +0 dire flail of holy wrath (33 damage)
             ... in the Dungeon (Sprint V: "Ziggurat Sprint").
             The game lasted 00:04:07 (314 turns).

Revguard the Eye of the Storm (Demonspawn Gladiator) Turns: 314, Time: 00:04:08

Health: -26/61     AC: 27    Str: 29    XL:     7   Next: 86%
Magic:  13/13      EV: 10    Int:  9    God:    Qazlal [***...]
Gold:   0          SH:  9    Dex: 14    Spells: 6/6 levels left

rFire   + + .        F - +7 great mace "Firestarter" {flame, immolate, rFlCloud rF++}
rCold   . . .        (shield currently unavailable)
rNeg    . . .        E - +15 Maxwell's patent armour {-Cast -Tele rElec Will+ rCorr}
rPois   .            (helmet restricted)
rElec   +            (no cloak)
rCorr   +            (gloves unavailable)
SInv    .            (no boots)
Will    +....        H - amulet of reflection Stlth
                     z - +6 ring of strength
HPRegen 0.30/turn    A - +6 ring of strength
MPRegen 0.13/turn

%: no teleportation, no spellcasting, reflection
@: no status effects
A: claws 3, hooves 2, horns 1
a: Renounce Religion, Upheaval, Elemental Force


You were in the Dungeon.
You worshipped Qazlal.
Qazlal was most pleased with you.
You visited 1 branch

Inventory:

Hand Weapons
 F - the +7 great mace "Firestarter" (weapon) {flame, immolate, rFlCloud rF++}
   (You found it in the Dungeon)

   rFlCloud:  It grants immunity to clouds of flame.
   rF++:      It greatly protects you from fire.
Missiles
 d - 3 throwing nets (quivered)
 e - a javelin
Armour
 E - the +15 Maxwell's patent armour (worn) {-Cast -Tele rElec Will+ rCorr}
   (You found it in the Dungeon)

   rElec:     It insulates you from electricity.
   Will+:     It increases your willpower.
   -Cast:     It prevents spellcasting.
   -Tele:     It prevents most forms of teleportation.
   rCorr:     It protects you from acid and corrosion.
Jewellery
 z - a +6 ring of strength (left claw)
 A - a +6 ring of strength (right claw)
 G - a ring of positive energy
 H - an amulet of reflection (around neck)
Wands
 B - a wand of mindburst (7)
 C - a wand of iceblast (7)
 D - a wand of quicksilver (7)
Scrolls
 k - 4 scrolls of blinking
 q - 4 scrolls of amnesia
 r - 7 scrolls of fog
 s - 5 scrolls of identify
 t - 2 scrolls of fear
Potions
 f - 10 potions of curing
 g - 6 potions of heal wounds
 h - 6 potions of haste
 i - 7 potions of magic
 j - 3 potions of berserk rage
 l - 2 potions of brilliance
 m - 2 potions of invisibility
 n - 4 potions of resistance
 p - 5 potions of might
Miscellaneous
 o - a condenser vane (inert)


   Skills:
 + Level 7.8 Fighting
 + Level 7.4 Maces & Flails
 - Level 1.7 Throwing
 + Level 6.3 Armour
 + Level 7.0 Dodging
 + Level 8.8 Invocations
 + Level 6.7 Evocations


You had 6 spell levels left.
You didn't know any spells.
Your spell library contained the following spells:

 Spells                   Type           Power      Damage    Failure   Level
 Kiss of Death            Conj/Necr      0%         2d5       98%         1
 Confusing Touch          Hex            0%         N/A       100%        3
 Dispel Undead            Necr           0%         3d6       100%        4


Dungeon Overview and Level Annotations

Branches:
Dungeon (1/1)

Altars:
Ashenzari
Cheibriados
Dithmenos
Fedhas
Gozag
Hepliaklqana
Kikubaaqudgha
Makhleb
Nemelex Xobeh
Okawaru
Qazlal
Ru
Sif Muna
Trog
Uskayaw
Vehumet
Wu Jian
Xom
Yredelemnul
Jiyva
Lugonu

Annotations:
D 1 transporter


Innate Abilities, Weirdness & Mutations

You have claws for hands.
You have hoof-like feet.
You have a pair of small horns on your head.


Message History

The deep elf pyromancer is lightly wounded.
The +0 dire flail of holy wrath hits you!
You convulse!
* * * LOW HITPOINT WARNING * * *
The +4 mace of protection is engulfed in freezing vapours.
You block the +4 mace of protection's attack.
The deep elf pyromancer is engulfed in noxious fumes.
The deep elf pyromancer hits you but does no damage.
You block the +0 dire flail of holy wrath's attack.
The +4 mace of protection is engulfed in freezing vapours.
The +4 mace of protection hits you but does no damage.
The deep elf pyromancer is engulfed in noxious fumes.
The deep elf pyromancer appears confused.
You block the deep elf pyromancer's attack.
The orc sorcerer is engulfed in noxious fumes.
The orc sorcerer appears confused.
The orc sorcerer hits the +4 mace of protection but does no damage.
You feel much better.
The +0 dire flail of holy wrath is engulfed in freezing vapours.
You block the +0 dire flail of holy wrath's attack.
The +4 mace of protection closely misses you.
The +0 dire flail of holy wrath is engulfed in freezing vapours.
The +0 dire flail of holy wrath completely misses you.
The deep elf knight mumbles some strange words.
The deep elf knight seems to speed up.
The orc sorcerer is engulfed in noxious fumes.
The orc sorcerer laughs crazily.
The deep elf pyromancer is engulfed in noxious fumes.
The deep elf pyromancer appears confused.
You sock the deep elf pyromancer! You burn the deep elf pyromancer.
The deep elf pyromancer is filled with an inner flame.
The deep elf pyromancer is severely wounded.
The deep elf pyromancer looks more healthy.
The +4 mace of protection hits you but does no damage.
The +0 dire flail of holy wrath is engulfed in freezing vapours.
The +0 dire flail of holy wrath hits you!!
* * * LOW HITPOINT WARNING * * *
You convulse!!
Ouch! That really hurt!
You die...

▓..©..▓..©..▓▓▓▓▓▓▓
▓▓▓▓▓▓▓▓▓▓▓▓▓▓▓▓▓▓▓
▓..8©8...▓..8©8...▓
▓..)))...▓..§:§§..▓
▓...=....▓.§[○§§..▓
▓........▓..§.....▓
▓........▓..eo§...▓
▓.▓....▓.▓.▓((§.▓.▓
▓...©....▓...@e...▓
▓▓▓▓▓▓▓▓▓▓▓▓▓▓▓▓▓▓▓


You could see a deep elf knight (fast, poisoned), a deep elf pyromancer (inner
flame, confused), an orc sorcerer (confused) and 2 dancing weapons.

Vanquished Creatures
  2 fire elementals (D)
  3 golden eyes (D)
  A phantom (D)
  2 necrophages (D)
  2 jellies (D)
  A bat zombie (D)
  2 endoplasms (D)
13 creatures vanquished.

Notes
Turn   | Place    | Note
-------+----------+-------------------------------------------
     0 | D        | Revguard the Demonspawn Gladiator began the quest for the
                  | Orb.
     0 | D        | Reached XP level 1. HP: 16/16 MP: 1/1
     0 | D        | Found a shimmering blue altar of Sif Muna.
     0 | D        | Found a bloodstained altar of Trog.
     0 | D        | Found a sacrificial altar of Ru.
     0 | D        | Found a stormy altar of Qazlal.
     0 | D        | Found an iron altar of Okawaru.
     1 | D        | Found a sparkling altar of Nemelex Xobeh.
     1 | D        | Found a blossoming altar of Fedhas.
     1 | D        | Found the +6 Majin-Bo {spellvamp, MP+6 Int+6}
     1 | D        | Found the +27 heavy crossbow "Sniper" {heavy, Acc+∞ SInv}
     1 | D        | Found the +10 dark maul {heavy}
     1 | D        | Found the +15 Maxwell's patent armour {-Cast -Tele rElec
                  | Will+ rCorr}
     1 | D        | Found the +18 shield of the Gong {Loud rN+ Will+ rCorr
                  | EV-5}
     1 | D        | Found the +16 obsidian axe {drain, demonic, Mesm Drain Fly
                  | SInv}
     1 | D        | Found the +7 great mace "Firestarter" {flame, immolate,
                  | rFlCloud rF++}
     1 | D        | Found the +6 shillelagh "Devastator" {shatter}
     1 | D        | Found the +11 plutonium sword {Contam Stlth-}
     1 | D        | Found the +8 lance "Wyrmbane" {slay drac, rPois rF+ rC+
                  | AC+3}
     1 | D        | Found the +9 sword of Zonguldrok {reap}
     1 | D        | Found the +13 scythe of Curses {drain, curses, Drain}
     1 | D        | Found the +9 sword of Power {lifebolt}
     1 | D        | Found the +7 mace of Variability {chaos, chaos arc}
     1 | D        | Found the +11 Singing Sword {sonic wave}
     1 | D        | Found the +8 storm bow {elec, penet}
     3 | D        | Found a transporter.
     3 | D        | Found an ancient bone altar of Kikubaaqudgha.
     3 | D        | Found a viscous altar of Jiyva.
     3 | D        | Found a corrupted altar of Lugonu.
     3 | D        | Found a hazy altar of Hepliaklqana.
     3 | D        | Found a burning altar of Makhleb.
     3 | D        | Found an opulent altar of Gozag.
    87 | D        | Became a worshipper of Qazlal Stormbringer
    95 | D        | Reached skill level 3 in Invocations
    95 | D        | Discovered your monstrous ancestry.
    95 | D        | Gained mutation: You have a pair of small horns on your
                  | head. [demonic ancestry]
    95 | D        | Reached XP level 2. HP: 25/25 MP: 1/4
   130 | D        | Entered arena 2.
   130 | D        | Noticed a fire elemental
   130 | D        | Noticed a fire elemental
   130 | D        | Found a transporter.
   139 | D        | Killed a fire elemental
   140 | D        | Reached skill level 5 in Fighting
   140 | D        | Reached skill level 5 in Maces & Flails
   140 | D        | Reached skill level 5 in Invocations
   140 | D        | Gained mutation: You have sharp fingernails. [demonic
                  | ancestry]
   140 | D        | Reached XP level 3. HP: 8/33 MP: 5/7
   140 | D        | Gained mutation: You have large cloven feet. [demonic
                  | ancestry]
   140 | D        | Reached XP level 4. HP: 10/39 MP: 5/8
   140 | D        | Gained mutation: You have very sharp fingernails. [demonic
                  | ancestry]
   140 | D        | Reached XP level 5. HP: 11/44 MP: 5/9
   142 | D        | Killed a fire elemental
   143 | D        | Reached skill level 5 in Dodging
   143 | D        | Reached skill level 6 in Invocations
   143 | D        | Gained mutation: You have hoof-like feet. [demonic
                  | ancestry]
   143 | D        | Reached XP level 6. HP: 27/52 MP: 5/10
   231 | D        | Entered arena 3.
   231 | D        | Noticed a golden eye
   231 | D        | Found a transporter.
   235 | D        | Reached * piety under Qazlal
   235 | D        | Killed a golden eye
   236 | D        | Reached skill level 5 in Armour
   236 | D        | Reached skill level 7 in Invocations
   236 | D        | Reached skill level 5 in Evocations
   252 | D        | Entered arena 4.
   252 | D        | Found a transporter.
   255 | D        | Reached ** piety under Qazlal
   256 | D        | Gained mutation: You have claws for hands. [demonic
                  | ancestry]
   256 | D        | Reached XP level 7. HP: 60/60 MP: 12/12
   259 | D        | Reached skill level 8 in Invocations
   268 | D        | Entered arena 5.
   268 | D        | Noticed a golden eye
   268 | D        | Noticed a golden eye
   268 | D        | Found a transporter.
   274 | D        | Killed a golden eye
   274 | D        | Reached *** piety under Qazlal
   288 | D        | Killed a golden eye
   308 | D        | Entered arena 6.
   308 | D        | Noticed a deep elf knight
   308 | D        | Noticed a deep elf pyromancer
   308 | D        | Noticed a +0 dire flail of holy wrath
   308 | D        | Noticed an orc sorcerer
   308 | D        | Noticed a +4 mace of protection
   308 | D        | Found a transporter.
   314 | D        | Annihilated by a +0 dire flail of holy wrath

Illustrated notes

Levels and vault maps discovered:
D:        sprint_v [room_start, room_1, room_2, room_3, room_4, room_5, room_6,
          room_7, room_8, room_9, room_10, room_11, room_12, room_13, room_14,
          room_15, room_16, room_17, room_18, room_19, room_20, room_21,
          room_22, room_23, room_24, room_25, room_26, room_27]

Skill      XL: |  1  2  3  4  5  6  7 |
---------------+----------------------+-----
Fighting       | 4 5 6 7 |  7.8
Maces & Flails | 4 5 6 7 |  7.4
Armour         | 2 3 4 5 6 |  6.3
Dodging        | 3 4 5 6 7 |  7.0
Invocations    | 3 5 6 7 8 |  8.8
Evocations     | 2 4 5 6 |  6.7
Throwing       | |  1.7

Action                     |  1- 3 |  4- 6 |  7- 9 || total
---------------------------+-------+-------+-------++-------
  Melee: Great mace        |     7 |     7 |    19 ||    33
         Headbutt          |     1 |     2 |     3 ||     6
         Kick              |       |       |     4 ||     4
  Evoke: Condenser vane    |       |       |     1 ||     1
    Use: Potion            |     3 |     1 |     1 ||     5
 Armour: Plate armour      |    43 |    14 |    29 ||    86
  Dodge: Dodged            |     9 |     8 |    16 ||    33
  Block: Other             |       |       |     6 ||     6

Table legend: (Time is in decaauts)
 A = Elapsed time spent in this place.
 B = Non-inter-level travel time spent in this place.
 C = Inter-level travel time spent in this place.
 D = Time resting spent in this place.
 E = Time spent auto-exploring this place.
 F = Levels seen in this place.
 G = Mean time per level.
                   A        B        C        D        E       F      G
               +--------+--------+--------+--------+--------+-----+--------+
         Total |    325 |    325 |      0 |    112 |      0 |   1 |  325.0 |
       Dungeon |    325 |    325 |      0 |    112 |      0 |   1 |  325.0 |
               +--------+--------+--------+--------+--------+-----+--------+

Top non-repeatable levels by time:
       D: 325 daAuts
